 Dungeon Crawl Stone Soup version 0.31-a0-507-gbafd7f5274 (webtiles) character file.

Game seed: 4652521183458862908

35 Midn8 the Shooter (level 3, 0/23 HPs)
             Began as a Kobold Hunter on Aug 9, 2023.
             Slain by an orc
             ... wielding a +0 falchion
              (4 damage)
             ... on level 2 of the Dungeon.
             The game lasted 00:02:25 (1564 turns).

Midn8 the Shooter (Kobold Hunter)                   Turns: 1564, Time: 00:02:25

Health: 0/23       AC:  5    Str:  8    XL:     3   Next: 52%
Magic:  3/3        EV: 14    Int: 10    God:
Gold:   58         SH:  0    Dex: 20    Spells: 2/2 levels left

rFire   . . .        a - +0 shortbow
rCold   + + .        (shield currently unavailable)
rNeg    . . .        c - +0 leather armour
rPois   .            j - +0 hat
rElec   .            (no cloak)
rCorr   .            (no gloves)
SInv    .            (no boots)
Will    .....        (no amulet)
Stlth   ++           (no ring)
HPRegen 0.23/turn    (no ring)
MPRegen 0.08/turn

%: no passive effects
@: confused, mighty
A: small, no large weapons, nightstalker 3, iridescent scales 1, cold resistance
2
a: no special abilities


You were on level 2 of the Dungeon.
You visited 1 branch of the dungeon, and saw 3 of its levels.

You collected 58 gold pieces.

Inventory:

Hand Weapons
 a - a +0 shortbow (weapon)
Armour
 c - a +0 leather armour (worn)
 j - a +0 hat (worn)
Scrolls
 b - a scroll of butterflies
 d - a scroll of revelation {unknown}
 g - a scroll of vulnerability {unknown}
 h - 2 scrolls of identify {unknown}
Potions
 i - 2 potions of might


   Skills:
 + Level 3.2 Fighting
 - Level 6.1 Ranged Weapons
 - Level 2.4 Dodging
 - Level 1.3 Stealth


You had 2 spell levels left.
You didn't know any spells.
Your spell library contained the following spells:

 Spells                   Type           Power      Damage    Failure   Level
 Shock                    Conj/Air       0%         1d3       50%         1
 Frozen Ramparts          Ice            0%         1d1       86%         3
 Swiftness                Air            0%         N/A       86%         3
 Airstrike                Air            0%         2d(0-16)  99%         4
 Petrify                  Tmut/Erth      0%         N/A       99%         4
 Metabolic Englaciation   Hex/Ice        0%         N/A       100%        5


Dungeon Overview and Level Annotations

Branches:
Dungeon (3/15)

Altars:

Shops:
D:1 (

Annotations:
D:2 Jessica


Innate Abilities, Weirdness & Mutations

You are small and have problems with some larger weapons.
You are completely attuned to the shadows.
You are partially covered in iridescent scales. (AC +2)
Your flesh is very cold resistant. (rC++)


Message History

The orc hits you with a +0 club.
* * * LOW HITPOINT WARNING * * *
Unknown command.
It was a potion of mutation.
You feel extremely strange.
You feel resistant to cold.
You feel more resistant to cold.
Iridescent scales grow over part of your body.
Jessica mumbles some strange words.
Jessica blinks!
Something hits you but does no damage.
Deactivating autopickup; reactivate with Ctrl-A.
The orc closely misses you. The orc hits you with a +0 club.
* * * LOW HITPOINT WARNING * * *
It was a potion of curing.
You feel better. Something hits you but does no damage.
The orc hits you with a +0 falchion. The orc misses you.
Unknown command.
Fire: a) +0 shortbow
Press: ? - help, Q - select action, (/) - cycle Shift-Dir - straight line You shoot an arrow.
You hear some strange, mumbled words.
You are confused.
The orc misses you. The orc hits you but does no damage.
Non-targeted confused throw: 2 darts (curare)
Press: ? - help, Q - select action, (/) - cycle Dir - look around, f - activate You throw a curare-tipped dart.
The curare-tipped dart hits the orc.
The orc is poisoned.
The orc convulses.
The orc seems to slow down.
The orc is severely wounded.
Jessica very coldly says, "I hate your company."
Something hits you.
* * * LOW HITPOINT WARNING * * *
The orc misses you. x2
Unknown command.
Non-targeted confused throw: dart (curare)
Press: ? - help, Q - select action, (/) - cycle Dir - look around, f - activate You throw a curare-tipped dart.
The curare-tipped dart barely misses the orc.
You hear some strange, mumbled words.
Something tries to affect you, but you resist.
The orc hits you with a +0 falchion.
You die...

#....# ############# ##.###
#..P.P.....P#
#.#####################
#.....................#
#.###################.#####
#.# #Pb.P..P...P# #.....#
####.# ############# #####.#
.....# ##############.#
###### #{@o@.......##.#
#o######.##.##.# ######## #.#
#.##.##.# #......# #.#
#.......# ####.####.###.#
#......## #.......#.....#
#.##.#.# #.##.##.#######
#.##.#.# ###.##....##########
#.##.#.#
..#.##)....##......###.##.#.#


You could see Jessica (fast) and 2 orcs.

Vanquished Creatures
  A worm (D:2)
  An orc (D:3)
  3 ball pythons (D:1)
  An endoplasm (D:1)
  A giant cockroach (D:1)
  4 goblins
  3 hobgoblins
  2 jackals (D:2)
  A quokka (D:1)
  3 bats
  2 frilled lizards
  5 kobolds
  2 rats
29 creatures vanquished.

Notes
Turn   | Place    | Note
-------+----------+-------------------------------------------
     0 | D:1      | Midn8 the Kobold Hunter began the quest for the Orb.
     0 | D:1      | Reached XP level 1. HP: 12/12 MP: 1/1
   198 | D:1      | Found Xannarug's Weapon Emporium.
   293 | D:1      | Reached XP level 2. HP: 17/17 MP: 2/2
   413 | D:1      | Reached skill level 6 in Ranged Weapons
   982 | D:2      | Reached XP level 3. HP: 20/22 MP: 3/3
  1547 | D:3      | Noticed Jessica
  1560 | D:2      | Gained mutation: Your flesh is cold resistant. (rC+)
                  | [potion of mutation]
  1560 | D:2      | Gained mutation: Your flesh is very cold resistant. (rC++)
                  | [potion of mutation]
  1560 | D:2      | Gained mutation: You are partially covered in iridescent
                  | scales. (AC +2) [potion of mutation]
  1564 | D:2      | Slain by an orc

Illustrated notes

Levels and vault maps discovered:
D:1:      dpeg_arrival_rooms_a, layout_loops_ring, serial_shops, shop,
          serial_glass, glass_columns_a, glass_columns_c, glass_columns_a,
          glass_columns_a
D:2:      layout_loops_cross, serial_aquarium, aquarium_bridge_long_joined
          [aquarium_subvault_wall, aquarium_subvault_bridge,
          aquarium_subvault_wall, aquarium_subvault_wall,
          aquarium_subvault_bridge, aquarium_subvault_bridge],
          aquarium_window_fake, aquarium_window_2, aquarium_window_corridor_3,
          aquarium_window_fake, aquarium_view_2b, aquarium_view_2b
D:3:      lemuel_castle_with_subvaults [lemuel_castle_interior_carwin_2],
          layout_rooms, serial_shops, shop_fountains, uniq_sigmund,
          uniq_jessica, uniq_grinder

Skill      XL: |  1  2  3 |
---------------+----------+-----
Ranged Weapons | 6 |  6.1
Fighting       | 3 |  3.2
Dodging        | |  2.4
Stealth        | |  1.3

Action                     || total
---------------------------++-------
   Fire: Shortbow          ||    67
  Throw: Dart              ||     2
    Use: Potion            ||     3
 Armour: Leather armour    ||     6
  Dodge: Dodged            ||    28

Table legend: (Time is in decaauts)
 A = Elapsed time spent in this place.
 B = Non-inter-level travel time spent in this place.
 C = Inter-level travel time spent in this place.
 D = Time resting spent in this place.
 E = Time spent auto-exploring this place.
 F = Levels seen in this place.
 G = Mean time per level.
                   A        B        C        D        E       F      G
               +--------+--------+--------+--------+--------+-----+--------+
         Total |   1574 |   1499 |     75 |      0 |   1330 |   3 |  524.7 |
       Dungeon |   1574 |   1499 |     75 |      0 |   1330 |   3 |  524.7 |
               +--------+--------+--------+--------+--------+-----+--------+

Top non-repeatable levels by time:
     D:2: 866 daAuts
     D:1: 695 daAuts
     D:3: 12 daAuts
